 Dungeon Crawl Stone Soup version 0.16.1-5-gaa23807 (webtiles) character file.

54 Zugr the Insei (level 3, -3/34 HPs)
             Began as a Naga Monk on Mar 28, 2015.
             Slain by an orc wizard
             ... wielding a +1 dagger of freezing
              (4 damage)
             ... on level 3 of the Dungeon on Mar 29, 2015.
             The game lasted 00:05:12 (2180 turns).

Zugr the Insei (Naga Monk)                          Turns: 2180, Time: 00:05:13

Health: -3/34      AC:  3    Str: 13    XL:     3   Next: 91%
Magic:  3/3        EV: 10    Int: 10    God:
Gold:   82         SH:  0    Dex: 14    Spells: 0 memorised, 2 levels left

rFire  . . .     SeeInvis +       - Unarmed
rCold  . . .     Clarity  .     a - +0 robe
rNeg   . . .     SustAb   .     (no shield)
rPois  +         Gourm    .     o - +0 helmet
rElec  .         Spirit   .     (no cloak)
rCorr  .         Warding  .     (no gloves)
rMut   .         Stasis   .     (no barding)
MR     .....                    (no amulet)
Stlth  +++.......               (no ring)
                                i - ring of stealth

@: very slow, not resistant to hostile enchantments, fairly stealthy
A: spit poison, see invisible, deformed body, poison resistance, slowness 2, AC
+1
a: Spit Poison


You were on level 3 of the Dungeon.
You were very hungry.

You visited 1 branch of the dungeon, and saw 3 of its levels.

You collected 82 gold pieces.

Inventory:

Missiles
 j - 39 stones (quivered)
Armour
 a - a +0 robe (worn)
 o - a +0 helmet (worn)
Jewellery
 i - a ring of stealth (left hand)
 r - a cursed ring of teleportation {unknown}
Scrolls
 d - 2 scrolls of remove curse {unknown}
 g - a scroll of teleportation {unknown}
 k - 2 scrolls of noise {unknown}
 m - a scroll of magic mapping {unknown}
 n - a scroll of blinking {unknown}
Potions
 e - a potion of resistance
 f - a potion of brilliance {unknown}
 h - 2 potions of restore abilities
Comestibles
 b - 4 bread rations
 c - a fruit
 p - a beef jerky


   Skills:
 - Level 3.0 Fighting
 - Level 2.4 Dodging
 - Level 3.0 Stealth
 + Level 5.4 Unarmed Combat


You had 2 spell levels left.
You didn't know any spells.

Dungeon Overview and Level Annotations

Branches:
Dungeon (3/15)

Altars:


Innate Abilities, Weirdness & Mutations

You cannot wear boots.
You can spit poison.
Your serpentine skin is tough (AC +1).
You have supernaturally acute eyesight.
Armour fits poorly on your strangely shaped body.
Your system is resistant to poisons.
You cover ground very slowly.


Message History

The orc wizard is moderately wounded.
The orc completely misses you.
You barely miss the orc wizard.
The orc wizard is moderately wounded.
The orc wizard barely misses you. The orc hits you with a flail.
* * * LOW HITPOINT WARNING * * *
You hit the orc wizard.
The orc wizard is heavily wounded.
The orc wizard closely misses you. The orc closely misses you.
You closely miss the orc wizard.
The orc wizard is heavily wounded.
The orc wizard barely misses you.
You hit the orc wizard.
The orc wizard is severely wounded.
You are feeling very hungry.
The orc hits you but does no damage. The orc wizard barely misses you.
You hit the orc wizard.
The orc wizard is severely wounded.
The orc wizard hits you with a dagger of freezing.
You die...

############
#..........#
#.########.# ###.# #.#
#...# #.#
###.##########'####
####<..).............#
#....................#
#......@.............#
#.....oo.......>.....#
####..........)......#
#.....>...........#
#...................
#.................##
#.................#
#.......##########
#.........#


You could see an orc wizard (invisible) and an orc.

Vanquished Creatures
  A giant mite (D:2)
  A worm (D:2)
  A giant gecko (D:2)
  An ooze (D:1)
  A ball python (D:1)
  2 giant cockroaches (D:1)
  A hobgoblin (D:2)
  2 jackals (D:2)
  6 bats
  5 giant newts
  7 goblins
  7 kobolds
  4 rats (D:2)
39 creatures vanquished.

Notes
Turn   | Place    | Note
--------------------------------------------------------------
     0 | D:1      | Zugr, the Naga Monk, began the quest for the Orb.
     0 | D:1      | Reached XP level 1. HP: 21/21 MP: 1/1
   367 | D:1      | Reached XP level 2. HP: 28/28 MP: 2/2
  1133 | D:2      | Reached XP level 3. HP: 25/34 MP: 3/3
  1308 | D:2      | Reached skill level 5 in Unarmed Combat
  2176 | D:3      | HP: 1/34 [orc/flail (4)]
  2180 | D:3      | Slain by an orc wizard

Action                   || total
-------------------------++-------
Melee: Unarmed           ||   149
Throw: Stone             ||    12
  Use: Scroll            ||     2
 Stab: Sleeping          ||     4
       Distracted        ||     1
  Eat: Chunk             ||     3
